 Dungeon Crawl Stone Soup version 0.16.1-51-g6203257 (webtiles) character file.

47 Jb9000 the Chopper (level 3, -1/22 HPs)
             Began as a Gargoyle Gladiator on July 23, 2015.
             Slain by a goblin
             ... wielding a +0 dagger
             ... led by Robin
              (4 damage)
             ... on level 2 of the Dungeon.
             The game lasted 00:04:26 (1232 turns).

Jb9000 the Chopper (Gargoyle Gladiator)             Turns: 1232, Time: 00:04:26

Health: -1/22      AC:  9    Str: 17 (18) XL:     3   Next: 70%
Magic:  3/3        EV: 11    Int: 14      God:
Gold:   31         SH:  0    Dex: 10      Spells: 0 memorised, 2 levels left

rFire  + . .     SeeInvis .     l - +2 dagger (venom)
rCold  + . .     Clarity  .     k - +0 ring mail
rNeg   + . .     SustAb   .     (no shield)
rPois  ∞         Gourm    .     c - +0 helmet
rElec  +         Spirit   .     (no cloak)
rCorr  +         Warding  .     (no gloves)
rMut   .         Stasis   .     (no boots)
MR     .....                    (no amulet)
Stlth  +.........               (no ring)
                                (no ring)

@: brilliant, resistant, not resistant to hostile enchantments, very unstealthy
A: negative energy resistance 1, electricity resistance, unbreathing,
petrification resistance, rot immunity, AC +3
a: no special abilities


You were on level 2 of the Dungeon.
You were not hungry.

You visited 1 branch of the dungeon, and saw 2 of its levels.

You collected 31 gold pieces.

Inventory:

Hand weapons
 a - a +0 war axe
 l - a +2 dagger of venom (weapon)
Missiles
 d - 3 throwing nets (quivered)
Armour
 b - a +0 leather armour
 c - a +0 helmet (worn)
 i - a +0 shield
 k - a +0 ring mail (worn)
 n - a +0 scale mail
Scrolls
 e - a scroll of remove curse
Potions
 p - a potion of poison
Comestibles
 f - a bread ration
 h - 7 chunks of flesh


   Skills:
 + Level 2.7 Fighting
 + Level 0.5 Short Blades
 + Level 2.9 Axes
 + Level 2.0 Throwing
 + Level 0.4 Armour
 + Level 2.5 Dodging
 * Level 2.1 Stealth
 + Level 0.3 Spellcasting


You had 2 spell levels left.
You didn't know any spells.

Dungeon Overview and Level Annotations

Branches:
Dungeon (2/15)

Altars:

Annotations:
D:2 Robin


Innate Abilities, Weirdness & Mutations

You are resistant to torment.
You are immune to poison.
Your stone body is very resilient (AC +3).
You resist negative energy.
You are resistant to electric shocks.
You can survive without breathing.
You are immune to petrification.
You are immune to rotting.


Message History

The gnoll hits you but does no damage. The goblin hits you with a club.
The hobgoblin hits you but does no damage.
The goblin misses you.
Read which item? (? for menu, Esc to quit)
As you read the scroll labeled LIERIVV OLIH, it crumbles to dust.
It is a scroll of identify.
Identify which item? (\ to view known items) (? for menu, Esc to quit)
You don't have any such object.
Identify which item? (\ to view known items) (? for menu, Esc to quit)
e - a scroll of remove curse The goblin barely misses you.
The goblin hits you but does no damage. The goblin hits you but does no damage.
The gnoll hits you but does no damage.
Robin drinks a potion.
Robin is healed!
Robin looks more healthy.
The gnoll hits you with a spear.
* * * LOW HITPOINT WARNING * * *
The hobgoblin closely misses you. The goblin hits you but does no damage.
The goblin hits you but does no damage.
You barely miss Robin. The goblin misses you.
The goblin hits you with an uncursed dagger.
You die...

###.# ######)# #....))) .
#.....). ... #####.......
....#########.......(...
.......g.....(.<...(....
.......ggg.........(..###
......gg@g(...........#
..##...ggg..(..[......#
#.........#........#
#.........#........#
#.........##########
...........# .....######
.... .


You could see Robin, 3 gnolls, a hobgoblin and 5 goblins.

Vanquished Creatures
  3 giant geckos (D:1)
  A ball python (D:1)
  3 giant cockroaches (D:1)
  11 goblins
  9 hobgoblins
  2 jackals (D:2)
  2 bats (D:1)
  A giant newt (D:1)
  4 kobolds
  2 rats (D:1)
38 creatures vanquished.

Notes
Turn   | Place    | Note
--------------------------------------------------------------
     0 | D:1      | Jb9000, the Gargoyle Gladiator, began the quest for the Orb.
     0 | D:1      | Reached XP level 1. HP: 12/12 MP: 1/1
   288 | D:1      | Reached skill level 1 in Stealth
   303 | D:1      | Reached XP level 2. HP: 16/18 MP: 2/2
   694 | D:1      | Reached XP level 3. HP: 22/22 MP: 3/3
  1138 | D:2      | Noticed Robin
  1232 | D:2      | Slain by a goblin

Action                   || total
-------------------------++-------
Melee: War axe           ||    61
       Dagger            ||    65
  Use: Potion            ||     4
       Scroll            ||     1
  Eat: Fruit             ||     2
       Chunk             ||     1
